 Dungeon Crawl Stone Soup version 0.31.0-12-g77e489cdc1 (webtiles) character file.

Game seed: 17282830146892077687

294 Arctor the Magician (level 6, -3/32 HPs)
             Began as a Deep Elf Fire Elementalist on Feb 21, 2024.
             Killed from afar by an orc wizard (4 damage)
             ... with a magic dart
             ... on level 3 of the Dungeon.
             The game lasted 00:02:16 (4149 turns).

Arctor the Magician (Deep Elf Fire Elementalist)    Turns: 4149, Time: 00:02:16

Health: -3/32      AC:  2    Str:  5    XL:     6   Next: 11%
Magic:  1/14       EV: 13    Int: 22    God:
Gold:   173        SH:  0    Dex: 15    Spells: 8/14 levels left

rFire   . . .        m - +1 short sword
rCold   . . .        (no shield)
rNeg    . . .        a - +0 robe
rPois   .            (no helmet)
rElec   .            (no cloak)
rCorr   .            (no gloves)
SInv    .            (no boots)
Will    .....        (no amulet)
Stlth   +++          (no ring)
HPRegen 0.25/turn    (no ring)
MPRegen 0.14/turn

%: no passive effects
@: no status effects
A: no striking features
a: no special abilities


You were on level 3 of the Dungeon.
You visited 1 branch of the dungeon, and saw 3 of its levels.

You collected 173 gold pieces.

Inventory:

Hand Weapons
 m - a +1 short sword (weapon)
Missiles
 o - a throwing net
Armour
 a - a +0 robe (worn)
Wands
 l - a wand of flame (25)
Scrolls
 f - 3 scrolls of identify {unknown}
 h - a scroll of silence {unknown}
 i - a scroll of amnesia {unknown}
 j - a scroll of poison {unknown}
 k - a scroll of immolation {unknown}
Potions
 b - 2 potions of magic
 c - 2 potions of curing {unknown}
 d - a potion of ambrosia {unknown}
 e - 3 potions of lignification {unknown}
 g - 2 potions of heal wounds {unknown}
 n - a potion of haste {unknown}


   Skills:
 + Level 4.0 Dodging
 + Level 4.3 Stealth
 + Level 4.6 Spellcasting
 + Level 3.0 Conjurations
 + Level 4.5 Fire Magic


You had 8 spell levels left.
You knew the following spells:

 Your Spells              Type           Power      Damage    Failure   Level
a - Foxfire               Conj/Fire      84%        2x1d8     2%          1
b - Scorch                Fire           48%        2d7       2%          2
c - Inner Flame           Hex/Fire       15%        N/A       12%         3

Your spell library contained the following spells:

 Spells                   Type           Power      Damage    Failure   Level
 Apportation              Tloc           10%        N/A       11%         1
 Volatile Blastmotes      Fire/Tloc      30%        2d12      12%         3
 Jinxbite                 Hex            10%        N/A       16%         2
 Flame Wave               Conj/Fire      21%        2d8       22%         4
 Sticky Flame             Fire/Alch      15%        2d5       38%         4
 Alistair's Intoxication  Alch           3%         N/A       96%         5


Dungeon Overview and Level Annotations

Branches:
Dungeon (3/15)

Altars:
Hepliaklqana
Okawaru


Message History

The puff of flame hits you!
You hear a shout!
Casting: Scorch (safe; 2% risk of failure)
Confirm with . or Enter, or press ? or * to list all spells.
Flames lash the orc wizard.
The orc wizard is burned terribly!
You kill the orc wizard!
Your Dodging skill increases to level 4!
Your Conjurations skill increases to level 3!
An orc wizard comes into view. It is wielding a +0 dagger.
An orc wizard is nearby!
Unknown command.
You are too injured to fight recklessly!
Casting: Scorch (safe; 2% risk of failure)
Confirm with . or Enter, or press ? or * to list all spells.
Flames lash the orc wizard.
The orc wizard is severely wounded.
The orc wizard's fire resistance burns away.
Casting: Scorch (safe; 2% risk of failure)
Confirm with . or Enter, or press ? or * to list all spells.
You don't have enough magic to cast this spell.
An orc comes into view. It is wielding a +0 whip.
The orc wizard misses you.
Things that are here:
a +0 flail; a +0 leather armour; an orc corpse You hit the orc wizard but do no damage.
The orc wizard is severely wounded.
The orc wizard mumbles some strange words.
The orc wizard flickers and vanishes!
Deactivating autopickup; reactivate with Ctrl-A.
You hit something. Something hits you.
You closely miss something.
You hear some strange, mumbled words.
A puff of flame appears from out of thin air!
The puff of flame hits you!
* * * LOW HITPOINT WARNING * * *
You barely miss something.
You hear some strange, mumbled words.
A magic dart appears from out of thin air!
The magic dart hits you.
You die...

#......#.##
#.####.###
#.# #.#
#.####.#
#......#
######.#
#.# #
#.##.####
#)@{)o!.#
####.##...
#


You could see an orc.

Vanquished Creatures
  Sigmund (D:2)
  An orc wizard (D:3)
  A gnoll (D:3)
  2 adders
  3 orcs (D:3)
  9 ball pythons
  4 bats
  6 endoplasms
  4 giant cockroaches
  9 hobgoblins
  10 kobolds
  2 quokkas
  4 frilled lizards
  6 goblins
  3 rats
65 creatures vanquished.

Vanquished Creatures (others)
  303 foxfires
303 creatures vanquished.

Grand Total: 368 creatures vanquished

Notes
Turn   | Place    | Note
-------+----------+-------------------------------------------
     0 | D:1      | Arctor the Deep Elf Fire Elementalist began the quest for
                  | the Orb.
     0 | D:1      | Reached XP level 1. HP: 10/10 MP: 6/6
   274 | D:1      | Reached XP level 2. HP: 14/15 MP: 5/8
   312 | D:1      | Learned a level 2 spell: Scorch
  1695 | D:2      | Reached XP level 3. HP: 19/19 MP: 5/9
  1699 | D:2      | Learned a level 3 spell: Inner Flame
  1757 | D:2      | Noticed Sigmund
  2284 | D:2      | Killed Sigmund
  2285 | D:2      | Reached XP level 4. HP: 24/24 MP: 2/12
  2285 | D:2      | Reached XP level 5. HP: 28/28 MP: 2/13
  3162 | D:3      | Found a hazy altar of Hepliaklqana.
  3278 | D:3      | Identified the +2 rapier "Dewkuad" {freeze, rPois}
  3749 | D:3      | Found an iron altar of Okawaru.
  4128 | D:3      | Reached XP level 6. HP: 32/32 MP: 11/14
  4148 | D:3      | HP: 1/32 [something/puff of flame (12)]
  4149 | D:3      | Killed from afar by an orc wizard

Illustrated notes

Levels and vault maps discovered:
D:1:      dpeg_arrival_line_fractal, layout_loops_ring
D:2:      layout_loops_ring, uniq_sigmund
D:3:      layout_loops_corners, okawaru_altar_gauntlet_db,
          mainiacjoe_overflow_concentric_impassable,
          chequers_serial_rivers_room_b

Skill      XL: |  1  2  3  4  5  6 |
---------------+-------------------+-----
Stealth        | 3 4 |  4.3
Dodging        | 3 4 |  4.0
Spellcasting   | 4 |  4.6
Conjurations   | 2 3 |  3.0
Fire Magic     | 4 |  4.5

Action                     |  1- 3 |  4- 6 || total
---------------------------+-------+-------++-------
  Melee: Unarmed           |     2 |       ||     2
         Short sword       |     2 |     5 ||     7
         Punch             |       |     1 ||     1
   Cast: Foxfire           |   108 |    94 ||   202
         Scorch            |     7 |    11 ||    18
    Use: Scroll            |     1 |       ||     1
 Armour: Robe              |    15 |    13 ||    28
  Dodge: Dodged            |    21 |    13 ||    34
